 Dungeon Crawl Stone Soup version 0.26-a0-639-g72c4674329 (webtiles) character file.

Game seed: 15039515751510933068

40975 Flugslaktarn the Cleaver (level 13, -9/129 HPs)
             Began as a Deep Dwarf Fighter on Sept 23, 2020.
             Was a High Priest of Makhleb.
             Killed from afar by a frost giant (52 damage)
             ... with a bolt of cold
             ... on level 1 of the Orcish Mines.
             The game lasted 00:07:00 (10460 turns).

Flugslaktarn the Cleaver (Deep Dwarf Fighter)      Turns: 10460, Time: 00:07:00

Health: -9/129     AC: 26    Str: 23    XL:     13   Next: 77%
Magic:  9/9        EV:  4    Int: 11    God:    Makhleb [*****.]
Gold:   1271       SH: 23    Dex: 12    Spells: 12/12 levels left

rFire    . . .     SeeInvis .   b - +3 broad axe (flame)
rCold    . . .     Faith    .   g - +0 tower shield
rNeg     . . .     Spirit   .   s - -1 plate armour
rPois    +         Reflect  +   m - +0 helmet
rElec    .         Harm     .   e - +0 cloak of the Sunfish {rPois rCorr}
rCorr    +         Rampage  .   (no gloves)
MR       +....                  k - +0 pair of boots
Stlth    ..........             f - amulet of reflection
HPRegen  0.00/turn              B - +4 ring of protection
MPRegen  0.11/turn              p - +4 ring of protection

@: non-regenerating
A: damage resistance, heal wounds, sense surroundings 2, no potion heal 1, no
regeneration
a: Heal Wounds, Minor Destruction, Lesser Servant of Makhleb, Major Destruction,
Greater Servant of Makhleb, Renounce Religion


You were on level 1 of the Orcish Mines.
You worshipped Makhleb.
Makhleb was extremely pleased with you.
You visited 4 branches of the dungeon, and saw 16 of its levels.
You visited the Abyss 1 time.

You collected 1391 gold pieces.
You spent 120 gold pieces at shops.

Inventory:

Hand Weapons
 b - a +3 broad axe of flaming (weapon)
   (You took it off Maggie on level 7 of the Dungeon)
Missiles
 o - a throwing net (quivered)
Armour
 c - a +0 kite shield
 e - the +0 cloak of the Sunfish (worn) {rPois rCorr}
   (You found it on level 4 of the Dungeon)

   It protects you from poison.
   It provides partial protection from all sources of acid and corrosion.
 g - a +0 tower shield (worn)
   (You found it on level 1 of the Dungeon)
 k - a +0 pair of boots (worn)
   (You found it on level 6 of the Dungeon)
 l - a +0 cloak
   (You found it on level 4 of the Dungeon)
 m - a +0 helmet (worn)
   (You found it on level 4 of the Dungeon)
 s - a -1 plate armour (worn)
   (You found it on level 5 of the Dungeon)
Jewellery
 f - an amulet of reflection (around neck)
   (You found it on level 7 of the Dungeon)
 p - a +4 ring of protection (right hand)
   (You found it on level 7 of the Dungeon)
 v - a +4 ring of evasion
   (You found it on level 4 of the Dungeon)
 B - a +4 ring of protection (left hand)
   (You found it on level 8 of the Dungeon)
 G - the ring "Uxtuweam" {+Blink rF+++ MP-9 SInv Stlth+}
   (You acquired it on level 1 of the Lair of Beasts)

   [ring of stealth]

   It renders you almost immune to fire.
   It affects your magic capacity (-9).
   It lets you see invisible.
   It lets you blink.
   It makes you more stealthy.
 I - an uncursed ring of protection from magic {unknown}
   (You found it on level 2 of the Lair of Beasts)
 L - a +6 ring of intelligence {unknown}
   (You found it on level 4 of the Lair of Beasts)
 N - a cursed ring of attention {unknown}
   (You found it on level 1 of the Orcish Mines)
Wands
 y - a wand of acid (18)
   (You found it on level 8 of the Dungeon)
 A - a wand of iceblast (23)
   (You took it off a kobold on level 8 of the Dungeon)
 D - a wand of paralysis (7)
   (You found it on level 9 of the Dungeon)
 K - a wand of enslavement (12)
   (You found it on level 2 of the Lair of Beasts)
Scrolls
 r - 3 scrolls of identify
 t - 3 scrolls of teleportation
 u - 3 scrolls of immolation
 x - 3 scrolls of remove curse
 z - 2 scrolls of blinking
 H - a scroll of vulnerability
 J - a scroll of magic mapping
 M - a scroll of summoning {unknown}
Potions
 a - 5 potions of lignification
 d - 3 potions of might
 h - 5 potions of stabbing
 i - a potion of berserk rage {unknown}
 j - 2 potions of brilliance {unknown}
 n - 2 potions of resistance
 q - 4 potions of curing
 w - 5 potions of heal wounds
 C - 2 potions of mutation {unknown}
 E - a potion of ambrosia {unknown}
 F - a potion of flight {unknown}


   Skills:
 * Level 12.1 Fighting
 * Level 14.0 Axes
 + Level 10.6 Armour
 - Level 0.1 Dodging
 + Level 10.7 Shields
 + Level 10.2 Invocations
 + Level 4.9 Evocations


You had 12 spell levels left.
You didn't know any spells.
Your spell library was empty.

Dungeon Overview and Level Annotations

Branches:
Dungeon (10/15)            Temple (1/1) D:6            Lair (4/6) D:8
  Swamp (0/4) Lair:4        Snake (0/4) Lair:3          Orc (1/2) D:10

Altars:
Ashenzari
Cheibriados
Elyvilon
Fedhas
Gozag
Hepliaklqana
Kikubaaqudgha
Makhleb
Nemelex Xobeh
Okawaru
Qazlal
Ru
Sif Muna
Trog
Uskayaw
Vehumet
Wu Jian
Xom
Yredelemnul
Zin
The Shining One

Shops:
D:8 [*[=

Annotations:
D:6 1 runed translucent door, p0werm0de's ghost, novice MiFi
Lair:3 exclusion: oklob plant
Lair:4 2 transporters, Giarr's ghost, journeyman DDGl


Innate Abilities, Weirdness & Mutations

You are resistant to damage.
You can heal yourself by infusing magical energy.
You passively map the area around you.
You do not regenerate.
Potions are less effective at restoring your health.


Message History

The ettin barely misses you. You block the ettin's attack.
You are too injured to fight recklessly!
You are too injured to fight recklessly!
You are too injured to fight recklessly!
You are too injured to fight recklessly!
You are too injured to fight recklessly!
You are too injured to fight recklessly!
You are too injured to fight recklessly!
You are too injured to fight recklessly!
You are too injured to fight recklessly!
You are too injured to fight recklessly!
You are too injured to fight recklessly!
You are too injured to fight recklessly!
You are too injured to fight recklessly!
You are too injured to fight recklessly!
You are too injured to fight recklessly!
You are too injured to fight recklessly!
The frost giant points at you and mumbles some strange words.
The bolt of cold hits you!!!
You die...

, *
#[)....>#
, *,
#!$..$..#
,
,+!?.....#
, **
#.......#
, *
#.....$.#
, , *
#...C...#
#..CC...#
#.(.....#
* **
#(..(@..#
* *
#(......#
,, **
###+##'##
,, #.# #.#
* ,##'## ,
* #...# ,
* #...# ,,
, ####...#


You could see a frost giant and 2 ettins.

Vanquished Creatures
  A bone dragon (Abyss:2)
  Rupert (Lair:4)
  Kirke (Lair:4)
  A white draconian (Abyss:2)
  An ettin (Orc:1)
  Snorg (Lair:4)
  3 hydras
  A two-headed ogre (D:8)
  2 starcursed masses (Abyss:2)
  A shining eye (shapeshifter) (Abyss:2)
  An orc sorcerer (Orc:1)
  Psyche (D:8)
  14 cyclopes (Orc:1)
  Maurice (D:9)
  Maggie (D:7)
  6 cane toads
  A gargoyle (D:10)
  4 komodo dragons
  A troll (Orc:1)
  Prince Ribbit (D:5)
  The ghost of HunterMK the Poker, an amateur DsGl (D:4)
  A hydra skeleton (Abyss:2)
  4 large abominations (Abyss:2)
  7 hippogriffs
  22 yaks
  4 basilisks
  2 wyverns
  A ynoxinul (Abyss:2)
  A small abomination (Abyss:2)
  2 hogs (Lair:4)
  Grum (D:9)
  2 vampire mosquitoes (Lair:2)
  Menkaure (D:7)
  2 insubstantial wisps (Lair:2)
  5 nagas (Lair:3)
  4 swamp worms (Lair:4)
  2 wargs (Orc:1)
  2 water moccasins
  4 porcupines
  11 orc warriors
  3 ice beasts
  3 sky beasts
  2 phantoms
  10 ogres
  7 centaurs
  20 wolves
  7 crocodiles
  9 bullfrogs
  Blork the orc (D:4)
  A big kobold (D:8)
  4 scorpions
  A water moccasin skeleton (D:8)
  9 killer bees
  14 wights
  An electric eel (Lair:4)
  A bullfrog zombie (D:5)
  A quasit (D:9)
  6 orc priests
  2 jellies
  A centaur skeleton (D:5)
  A gnoll shaman (D:4)
  14 orc wizards
  Crazy Yiuf (D:4)
  2 bullfrog skeletons (D:10)
  6 hounds
  2 iguanas
  6 worker ants
  2 killer bee zombies
  2 hound skeletons
  2 worker ant zombies
  A howler monkey zombie (D:9)
  3 gnolls (D:4)
  6 adders
  A shadow imp (D:9)
  2 white imps
  An ufetubus (D:8)
  An adder zombie (D:9)
  A worm (D:2)
  2 dart slugs
  4 leopard geckos
  39 orcs
  4 giant cockroaches
  A goblin (D:2)
  4 hobgoblins
  6 kobolds (D:8)
  3 quokkas
  2 frilled lizards
  A giant cockroach zombie (D:5)
  A jackal skeleton (D:5)
  A spectral orc (D:5)
348 creatures vanquished.

Vanquished Creatures (others)
  A vampire mosquito (Lair:2)
  11 fungi
  A lurking horror (Abyss:2)
  13 plants
26 creatures vanquished.

Grand Total: 374 creatures vanquished

Notes
Turn   | Place    | Note
-------+----------+-------------------------------------------
     0 | D:1      | Flugslaktarn the Deep Dwarf Fighter began the quest for the
                  | Orb.
     0 | D:1      | Reached XP level 1. HP: 20/20 MP: 1/1
   232 | D:2      | Reached XP level 2. HP: 21/27 MP: 2/2
   303 | D:4      | Noticed a sky beast
   325 | D:4      | Killed a sky beast
   325 | D:4      | Reached skill level 3 in Axes
   325 | D:4      | Reached XP level 3. HP: 26/34 MP: 3/3
   325 | D:4      | Reached XP level 4. HP: 33/43 MP: 4/4
   421 | D:4      | Reached XP level 5. HP: 39/50 MP: 5/5
   486 | D:5      | Entered Level 5 of the Dungeon
   543 | D:5      | Reached skill level 4 in Axes
   592 | D:4      | Reached XP level 6. HP: 39/57 MP: 6/6
   715 | D:4      | Reached skill level 5 in Axes
   715 | D:4      | Reached XP level 7. HP: 40/66 MP: 7/7
   836 | D:4      | Found a runed translucent door.
   840 | D:4      | Noticed HunterMK's ghost (amateur DsGl)
   904 | D:4      | Noticed Blork the orc
   912 | D:4      | Killed Blork the orc
  1020 | D:4      | Reached skill level 5 in Fighting
  1022 | D:4      | Got a scorched cloak
  1033 | D:4      | Identified the +0 cloak of the Sunfish {rPois rCorr} (You
                  | found it on level 4 of the Dungeon)
  1056 | D:4      | Found a runed translucent door.
  1057 | D:4      | Noticed Crazy Yiuf
  1268 | D:4      | Killed HunterMK's ghost
  1268 | D:4      | Reached skill level 6 in Axes
  1268 | D:4      | Reached skill level 5 in Armour
  1268 | D:4      | Reached skill level 5 in Shields
  1341 | D:4      | Killed Crazy Yiuf
  1408 | D:5      | Found a hazy altar of Hepliaklqana.
  1499 | D:5      | Reached XP level 8. HP: 36/75 MP: 7/7
  1655 | D:5      | Noticed Prince Ribbit
  1847 | D:5      | Killed Prince Ribbit
  1847 | D:5      | Reached skill level 7 in Axes
  1990 | D:5      | Found a basalt altar of Yredelemnul.
  2272 | D:6      | Found a staircase to the Ecumenical Temple.
  2304 | Temple   | Entered the Ecumenical Temple
  2509 | Temple   | Became a worshipper of Makhleb the Destroyer
  2591 | D:6      | Found a glowing silver altar of Zin.
  2693 | D:6      | Found a radiant altar of Vehumet.
  2877 | D:6      | Noticed p0werm0de's ghost (novice MiFi)
  2878 | D:6      | Found a runed translucent door.
  2965 | D:7      | Gained mutation: You passively map the area around you.
                  | [Deep Dwarf growth]
  2965 | D:7      | Reached XP level 9. HP: 52/85 MP: 6/6
  2995 | D:7      | Reached skill level 1 in Invocations
  3000 | D:7      | Reached skill level 8 in Axes
  3144 | D:7      | Noticed Maggie
  3161 | D:7      | Killed Maggie
  3204 | D:7      | Found a shimmering altar of Xom.
  3352 | D:7      | Reached * piety under Makhleb
  3623 | D:7      | Noticed Menkaure
  3625 | D:7      | Killed Menkaure
  3757 | D:8      | Found Acyl's Antique Armour Shoppe.
  3778 | D:8      | Found Raat's General Store.
  3803 | D:8      | Bought a scroll of enchant weapon for 120 gold pieces
  3819 | D:8      | Found a staircase to the Lair.
  3824 | D:8      | Reached skill level 9 in Axes
  3881 | D:8      | Found a glowing golden altar of the Shining One.
  3886 | D:8      | Noticed Psyche
  3895 | D:8      | Killed Psyche
  3895 | D:8      | Reached XP level 10. HP: 66/96 MP: 8/8
  3952 | D:8      | Found Waytusmesk's Antique Armour Shoppe.
  4024 | D:8      | Noticed a two-headed ogre
  4030 | D:8      | Killed a two-headed ogre
  4124 | D:8      | Reached ** piety under Makhleb
  4140 | D:8      | Found Loilow's Jewellery Shop.
  4551 | D:9      | Noticed Maurice
  4569 | D:9      | Killed Maurice
  4569 | D:9      | Reached skill level 10 in Axes
  4569 | D:9      | Reached skill level 5 in Invocations
  4728 | D:9      | Found an ornate altar of the Wu Jian Council.
  4962 | D:9      | Found an opulent altar of Gozag.
  4979 | D:9      | Noticed Grum
  5000 | D:9      | Killed Grum
  5218 | D:10     | Entered Level 10 of the Dungeon
  5298 | D:10     | Reached XP level 11. HP: 106/106 MP: 10/10
  5751 | D:10     | Reached *** piety under Makhleb
  5792 | D:10     | Found a staircase to the Orcish Mines.
  6084 | Orc:1    | Entered Level 1 of the Orcish Mines
  6092 | Orc:1    | Noticed an ettin
  6291 | Lair:1   | Entered Level 1 of the Lair of Beasts
  6338 | Lair:1   | Reached skill level 11 in Axes
  6363 | Lair:1   | Noticed a seven-headed hydra
  6371 | Lair:1   | Killed a two-headed hydra
  6924 | Lair:1   | Identified a scroll of acquirement
  6924 | Lair:1   | Acquired the ring "Uxtuweam" {+Blink rF+++ MP-9 SInv
                  | Stlth+}
  6977 | Lair:2   | Noticed an eight-headed hydra
  6987 | Lair:2   | Killed a three-headed hydra
  7129 | Lair:2   | Reached skill level 10 in Fighting
  7129 | Lair:2   | Reached **** piety under Makhleb
  7717 | Lair:3   | Reached XP level 12. HP: 117/117 MP: 11/11
  7816 | Lair:3   | Found a staircase to the Snake Pit.
  7820 | Lair:3   | Cast into level 2 of the Abyss (naga)
  7820 | Abyss:2  | Found a corrupted altar of Lugonu.
  7896 | Abyss:2  | Reached skill level 12 in Axes
  7984 | Abyss:2  | Noticed a seven-headed hydra
  7985 | Abyss:2  | Noticed an entropy weaver
  7985 | Abyss:2  | a seven-headed hydra changed into an entropy weaver
  7986 | Abyss:2  | Noticed a fire dragon
  7986 | Abyss:2  | an entropy weaver changed into a fire dragon
  7993 | Abyss:2  | Noticed an anaconda
  7993 | Abyss:2  | a fire dragon changed into an anaconda
  7996 | Abyss:2  | an anaconda changed into a shining eye
  8006 | Abyss:2  | Noticed a bone dragon
  8006 | Abyss:2  | Noticed a starcursed mass
  8014 | Abyss:2  | Killed a starcursed mass
  8014 | Abyss:2  | Killed a starcursed mass
  8044 | Abyss:2  | Killed a bone dragon
  8057 | Abyss:2  | Noticed a white draconian
  8079 | Abyss:2  | Killed a white draconian
  8081 | Lair:3   | Escaped the Abyss
  8103 | Lair:3   | Reached ***** piety under Makhleb
  8154 | Lair:3   | Reached skill level 1 in Evocations
  8175 | Lair:3   | Reached skill level 13 in Axes
  8175 | Lair:3   | Reached skill level 10 in Shields
  8367 | Lair:3   | Reached skill level 10 in Armour
  8972 | Lair:4   | Found a transporter.
  8976 | Lair:4   | Noticed Giarr's ghost (journeyman DDGl)
  9004 | Lair:4   | Reached XP level 13. HP: 121/127 MP: 8/8
  9008 | Lair:4   | Found a transporter.
  9017 | Lair:4   | Found a shimmering altar of Xom.
  9046 | Lair:4   | Noticed Rupert
  9076 | Lair:4   | Killed Rupert
  9188 | Lair:4   | Noticed Kirke
  9201 | Lair:4   | Killed Kirke
  9608 | Lair:4   | Found a staircase to the Swamp.
  9760 | Lair:4   | Noticed Snorg
  9769 | Lair:4   | Killed Snorg
 10011 | Orc:1    | Killed an ettin
 10012 | Orc:1    | Gained mutation: Potions are less effective at restoring
                  | your health. [a neqoxec]
 10345 | Orc:1    | Reached skill level 10 in Invocations
 10452 | Orc:1    | Noticed a frost giant
 10452 | Orc:1    | Noticed an ettin
 10452 | Orc:1    | Noticed an ettin
 10455 | Orc:1    | Reached skill level 14 in Axes
 10460 | Orc:1    | Killed from afar by a frost giant

Illustrated notes

Levels and vault maps discovered:
D:1:      co_arrival_square_in_a_square_in_a_square, layout_loops_ring
D:2:      layout_basic
D:3:      layout_rooms, marbit_many_paths, serial_undead, serial_undead_d,
          serial_undead_e, serial_undead_f, serial_undead_b,
          chequers_ecumenical_altar_grove, minmay_misc_feat_x,
          palyth_stone_intersect, grunt_decor_arrowhead
D:4:      layout_cave_pods, gammafunk_ghost_grave, uniq_crazy_yiuf_cottage,
          uniq_blork_the_orc
D:5:      layout_rooms, overflow_temple_1_default,
          yredelemnul_forgotten_temple_becter, nicolae_ossuary_entry_monument,
          serial_bayou_pond_d, hangedman_decor_growths, grunt_ministairs_8,
          uniq_prince_ribbit1
D:6:      layout_loops_ring, kennysheep_little_box, kennysheep_mini,
          minmay_temple_entry_poolview, gammafunk_ghost_grave
D:7:      layout_cave_pods, basic_altar, uniq_menkaure, uniq_maggie
D:8:      layout_basic, kennysheep_mini_moat, lair_entry_dummy, serial_shops,
          shop_statue, nicolae_shop_overgrown_old_shop, shop,
          nicolae_shop_stone, uniq_psyche
D:9:      layout_irregular_city, old_standard_altar, lemuel_crystal_altar,
          uniq_maurice, uniq_grum
D:10:     layout_cave_pods, david_orc_4
Temple:   eino_temple_water
Lair:1:   layout_cave_pods
Lair:2:   layout_regular_city, pond, grunt_megastairs_1, lemuel_fruit_tree
Lair:3:   beast_lair_carwin_large_1, layout_hall_layers,
          minmay_snake_entry_guardpost_medium, minmay_lair_oklob_chamber
Lair:4:   layout_hall_layers, nicolae_swamp_entry_splash_gauntlet, basic_altar,
          gammafunk_ghost_arena, uniq_rupert, uniq_kirke, uniq_snorg
Orc:1:    giant_chief_lemuel, layout_caves, serial_shops, shop_statue

Skill      XL: |  1  2  3  4  5  6  7  8  9 10 11 12 13 |
---------------+----------------------------------------+-----
Fighting       | 3 4 5 6 8 9 10 11 12 | 12.1
Axes           | 3 4 5 6 7 9 10 11 13 14 | 14.0
Shields        | 4 5 6 7 8 9 10 | 10.7
Armour         | 4 5 6 7 8 9 10 | 10.6
Invocations    | 3 5 7 9 10 | 10.2
Evocations     | 2 4 |  4.9
Dodging        | |  0.1

Action                   |  1- 3 |  4- 6 |  7- 9 | 10-12 | 13-15 || total
-------------------------+-------+-------+-------+-------+-------++-------
Melee: War axe           |    42 |   148 |   280 |       |       ||   470
       Broad axe         |       |       |    75 |   625 |   186 ||   886
 Abil: Heal Wounds       |     2 |     5 |     9 |    10 |       ||    26
Evoke: Wand              |       |       |       |     3 |       ||     3
  Use: Scroll            |       |       |    11 |     9 |       ||    20
       Potion            |       |       |     1 |     1 |       ||     2
Armor: Scale mail        |    12 |    44 |    20 |       |       ||    76
       Plate armour      |       |       |   145 |   322 |    58 ||   525
Dodge: Dodged            |    16 |    42 |    80 |    85 |    18 ||   241
Block: Tower shield      |    27 |   126 |   357 |   811 |   190 ||  1511
       Kite shield       |     1 |       |       |       |       ||     1
       Reflection        |       |       |     1 |    24 |    18 ||    43

Table legend: (Time is in decaauts)
 A = Elapsed time spent in this place.
 B = Non-inter-level travel time spent in this place.
 C = Inter-level travel time spent in this place.
 D = Time resting spent in this place.
 E = Time spent auto-exploring this place.
 F = Levels seen in this place.
 G = Mean time per level.
                   A        B        C        D        E       F      G
               +--------+--------+--------+--------+--------+-----+--------+
         Total |  10762 |  10021 |    741 |    100 |   7347 |  17 |  633.1 |
       Dungeon |   6389 |   5876 |    513 |    100 |   4150 |  10 |  638.9 |
        Temple |    222 |    179 |     43 |      0 |    177 |   1 |  222.0 |
          Lair |   3400 |   3217 |    183 |      0 |   2604 |   4 |  850.0 |
  Orcish Mines |    479 |    479 |      0 |      0 |    299 |   1 |  479.0 |
         Abyss |    269 |    269 |      0 |      0 |    116 |   1 |  269.0 |
               +--------+--------+--------+--------+--------+-----+--------+

Top non-repeatable levels by time:
    D:10: 1084 daAuts
     D:4: 1080 daAuts
  Lair:3: 1037 daAuts
  Lair:4: 918 daAuts
     D:9: 836 daAuts
     D:7: 804 daAuts
     D:5: 786 daAuts
     D:8: 774 daAuts
     D:6: 722 daAuts
  Lair:1: 722 daAuts
  Lair:2: 722 daAuts
   Orc:1: 479 daAuts
 Abyss:2: 269 daAuts
  Temple: 222 daAuts
     D:2: 153 daAuts
